 Dungeon Crawl Stone Soup version 0.24-a0-439-g6dd8730de2 (webtiles) character file.

Game seed: 12416412643848002460

49 theanonym the Slasher (level 3, -5/27 HPs)
             Began as a Mummy Warper on June 17, 2019.
             Slain by a gnoll
             ... wielding a +0 halberd
              (8 damage)
             ... on level 2 of the Dungeon.
             The game lasted 00:03:18 (2881 turns).

theanonym the Slasher (Mummy Warper)                Turns: 2881, Time: 00:03:19

Health: -5/27      AC:  8    Str: 15    XL:     3   Next: 53%
Magic:  7/7        EV:  6    Int: 12    God:
Gold:   112        SH:  3    Dex: 11    Spells: 7/7 levels left

rFire    x . .     SeeInvis .   a - +0 falchion
rCold    + . .     Gourm    .   i - +0 buckler
rNeg     + + +     Faith    .   d - +0 chain mail
rPois    ∞         Spirit   .   (no helmet)
rElec    .         Reflect  .   (no cloak)
rCorr    .         Harm     .   (no gloves)
MR       .....                  (no boots)
Stlth    ..........             (no amulet)
HPRegen  0.09/turn              (no ring)
MPRegen  0.10/turn              (no ring)

@: very slightly contaminated
A: no food or potions, fire vulnerability, cold resistance 1, negative energy
resistance 3, torment resistance, unbreathing
a: no special abilities


Innate Abilities, Weirdness & Mutations

You do not eat or drink.
Your flesh is vulnerable to fire.
You are immune to poison.
Your flesh is cold resistant. (rC+)
You are immune to negative energy. (rN+++)
You are immune to unholy pain and torment.
You can survive without breathing.


   Skills:
 - Level 2.0 Fighting
 * Level 3.1 Long Blades
 - Level 0.7 Throwing
 - Level 0.7 Armour
 - Level 1.5 Dodging
 + Level 0.4 Shields
 - Level 2.6 Spellcasting
   Level 2.4 Translocations


You had 7 spell levels left.
You didn't know any spells.
Your spell library contained the following spells:

 Spells                   Type           Power        Failure   Level  Hunger
 Blink                    Tloc           N/A          99%         2    N/A
 Shroud of Golubria       Chrm/Tloc      #.....       100%        2    N/A
 Gell's Gravitas          Tloc           #.........   100%        3    N/A
 Lesser Beckoning         Tloc           #.........   100%        3    N/A
 Teleport Other           Tloc           #.......     100%        3    N/A
 Passage of Golubria      Tloc           N/A          100%        4    N/A

Skill      XL: |  1  2  3 |
---------------+----------+-----
Long Blades    | 2 3 |  3.1
Fighting       | |  2.0
Throwing       | |  0.7
Armour         | |  0.7
Dodging        | |  1.5
Shields        | |  0.4
Spellcasting   | |  2.6
Translocations | |  2.4

Action                   || total
-------------------------++-------
Melee: Falchion          ||   167
Throw: Throwing net      ||     2
  Use: Scroll            ||     2
Armor: Chain mail        ||   114
       Leather armour    ||     5
Dodge: Dodged            ||    83
Block: Buckler           ||    10
       Rpst.: Falchion   ||    34

Inventory:

Hand Weapons
 a - a +0 falchion (weapon)
Missiles
 e - 5 boomerangs of dispersal (quivered)
Armour
 b - a +0 leather armour
 d - a +0 chain mail (worn)
 i - a +0 buckler (worn)
Jewellery
 l - a +2 ring of intelligence {unknown}
Scrolls
 c - a scroll of enchant weapon {unknown}
 f - a scroll of identify {unknown}
 g - a scroll of fear
 h - a scroll of amnesia {unknown}
 k - a scroll of immolation {unknown}


You were on level 2 of the Dungeon.
You were not hungry.

You visited 1 branch of the dungeon, and saw 2 of its levels.

You collected 112 gold pieces.

Dungeon Overview and Level Annotations

Branches:
Dungeon (2/15)

Altars:

..........##.#.###g#.#
.%...........#.# #.#.#
...........###g# #.#.#
############.#g# #g#.#
.............#.###.#.#
############.#.#.g.#.#
...........#.#.#g###.#
.#########.#.#.#g# #.#
.#.......#.#.#.#@# #.#
.#.###.#.#.#.#.#g# #.#
.#.......#.#.#.#####.#
.#####!#.#.#.#....##.#
......<..#.#.#.##.##.#
##########.#.#..#.##.#
...........#.#..#.##.#
############.#..#.##.#
......# #.#..#.##.#


You could see 4 gnolls.

Notes
Turn   | Place    | Note
-------+----------+-------------------------------------------
     0 | D:1      | theanonym the Mummy Warper began the quest for the Orb.
     0 | D:1      | Reached XP level 1. HP: 16/16 MP: 4/4
   193 | D:1      | Reached skill level 2 in Long Blades
   313 | D:1      | HP: 7/16 [dart slug/slug dart (2)]
   319 | D:1      | HP: 5/16 [dart slug/slug dart (2)]
   322 | D:1      | Reached XP level 2. HP: 7/22 MP: 5/5
  1266 | D:1      | Reached XP level 3. HP: 18/27 MP: 7/7
  1694 | D:2      | Reached skill level 3 in Long Blades
  2839 | D:2      | HP: 10/27 [gnoll/+0 spear (7)]
  2870 | D:2      | HP: 8/27 [gnoll/+0 halberd (4)]
  2879 | D:2      | HP: 5/27 [gnoll/+0 halberd (4)]
  2881 | D:2      | Slain by a gnoll

Vanquished Creatures
  An ooze (D:1)
  A dart slug (D:1)
  2 leopard geckos (D:1)
  2 giant cockroaches
  7 goblins
  6 hobgoblins
  A jackal (D:1)
  2 ball pythons (D:2)
  8 bats
  2 frilled lizards
  3 kobolds
  5 rats
40 creatures vanquished.

Table legend:
 A = Turns spent in this place as a percentage of turns spent in the entire game.
 B = Non-inter-level travel turns spent in this place as a percentage of non-inter-level travel turns spent in the entire game.
 C = Inter-level travel turns spent in this place as a percentage of turns spent in this place.
 D = Turns resting spent in this place as a percentage of non-inter-level travel turns spent in this place.
 E = Turns spent auto-exploring this place as a percentage of non-inter-level travel turns spent in this place.
 F = Non-inter-level travel turns spent in this place divided by the number of levels of this place that you've seen.
                   A       B       C       D       E      F
               +-------+-------+-------+-------+-------+----------------------
         Total | 100.0 | 100.0 |   4.1 |  17.8 |  63.9 | 1381.0
       Dungeon | 100.0 | 100.0 |   4.1 |  17.8 |  63.9 | 1381.0
               +-------+-------+-------+-------+-------+----------------------
